 Dungeon Crawl Stone Soup version 0.30.1 (webtiles) character file.

Game seed: 4548700346064225202

137456 Sanktem7 the Severer (level 16, -1/152 HPs)
             Began as a Minotaur Fighter on July 7, 2023.
             Was the Champion of Okawaru.
             Killed from afar by Nikola (8 damage)
             ... with an arc of chain lightning
             ... on level 3 of the Swamp.
             The game lasted 00:47:58 (20734 turns).

Sanktem7 the Severer (Minotaur Fighter)            Turns: 20734, Time: 00:47:59

Health: -1/152     AC: 33    Str: 32    XL:     16   Next: 69%
Magic:  21/21      EV:  9    Int:  7    God:    Okawaru [******]
Gold:   3294       SH: 20    Dex: 11    Spells: 15/15 levels left

rFire   + . .        V - +3 eveningstar (flame) {macerare=g}
rCold   . . .        Y - +2 tower shield
rNeg    . . .        w - +2 plate armour {Will+}
rPois   +            R - +2 hat
rElec   +            L - +2 cloak {rPois}
rCorr   .            A - +2 pair of gloves
SInv    +            O - +0 pair of boots of the Northern Lights {rElec Slay+3}
Will    +....        T - amulet "Soufad" {Faith Will- Str+6} Stlth
                     o - ring of see invisible
HPRegen 0.45/turn    E - +4 ring of protection
MPRegen 0.17/turn

%: faith
@: studying Throwing
A: horns 2, retaliatory headbutt, fire resistance 1, wild magic 1
a: Renounce Religion, Heroism, Finesse, Duel


You were on level 3 of the Swamp.
You worshipped Okawaru.
Okawaru was exalted by your worship.
You visited 5 branches of the dungeon, and saw 23 of its levels.
You also visited: Gauntlet and Ice Cave.

You collected 3864 gold pieces.
You spent 570 gold pieces at shops.


Innate Abilities, Weirdness & Mutations

You have a pair of horns on your head.
You reflexively headbutt those who attack you in melee.
Your flesh is heat resistant. (rF+)
Your spells are a little harder to cast, but a little more powerful.


   Skills:
 + Level 16.5 Fighting
 - Level 18.0 Axes
 - Level 10.0 Throwing
 + Level 14.9 Armour
 - Level 6.0 Dodging
 + Level 14.8 Shields
 * Level 9.2 Invocations


You had 15 spell levels left.
You didn't know any spells.
Your spell library contained the following spells:

 Spells                   Type           Power      Damage    Failure   Level
 Sandblast                Erth           0%         2d4       99%         1
 Cigotuvi's Dreadful Rot  Necr/Pois/Air  0%         N/A       100%        2
 Lesser Beckoning         Tloc           0%         N/A       100%        2
 Passwall                 Tmut/Erth      0%         N/A       100%        2
 Confusing Touch          Hex            0%         N/A       100%        3
 Dazzling Flash           Conj/Hex       0%         N/A       100%        3
 Gell's Gravitas          Tloc           0%         N/A       100%        3
 Hailstorm                Conj/Ice       0%         3d3       100%        3
 Ignite Poison            Fire/Tmut/Pois 0%         N/A       100%        3
 Mephitic Cloud           Conj/Pois/Air  0%         N/A       100%        3
 Ozocubu's Armour         Ice            0%         N/A       100%        3
 Stone Arrow              Conj/Erth      0%         3d7       100%        3
 Teleport Other           Tloc           0%         N/A       100%        3
 Vhi's Electric Charge    Tloc/Air       0%         N/A       100%        3
 Fulminant Prism          Conj/Hex       0%         3d5       100%        4
 Leda's Liquefaction      Hex/Erth       0%         N/A       100%        4
 Agony                    Necr           0%         N/A       100%        5
 Alistair's Intoxication  Tmut/Pois      0%         N/A       100%        5
 Arcjolt                  Conj/Air       0%         1d10      100%        5
 Borgnjor's Vile Clutch   Necr/Erth      0%         N/A       100%        5
 Freezing Cloud           Conj/Ice/Air   0%         6-21      100%        5
 Lee's Rapid Deconstruct  Erth           0%         3d4*      100%        5
 Metabolic Englaciation   Hex/Ice        0%         N/A       100%        5
 Silence                  Hex/Air        0%         N/A       100%        5
 Eringya's Noxious Bog    Tmut/Pois      0%         N/A       100%        6
 Iron Shot                Conj/Erth      0%         9d1       100%        6
 Starburst                Conj/Fire      0%         6d3       100%        6
 Statue Form              Tmut/Erth      0%         N/A       100%        6
 Ozocubu's Refrigeration  Ice            0%         4d7       100%        7
 Discord                  Hex            0%         N/A       100%        8
 Maxwell's Capacitive Co  Air            0%         ∞         100%        8
 Tukima's Dance           Hex            Unusable   N/A       N/A         3
 Animate Dead             Necr           Unusable   N/A       N/A         4
 Summon Ice Beast         Ice/Summ       Unusable   N/A       N/A         4
 Summon Mana Viper        Hex/Summ       Unusable   N/A       N/A         5
 Simulacrum               Ice/Necr       Unusable   N/A       N/A         6
 Monstrous Menagerie      Summ           Unusable   N/A       N/A         7

Inventory:

Hand Weapons
 j - a +2 broad axe of draining {axe}
   (You acquired it on level 4 of the Dungeon)
 V - a +3 eveningstar of flaming (weapon) {macerare=g}
   (You took it off Louise on level 1 of the Swamp)
Missiles
 c - 7 boomerangs {throwing}
 e - 108 stones (quivered) {throwing}
 k - 3 curare-tipped darts {=fthrowing}
 r - 37 poisoned darts {throwing}
 t - 6 silver javelins {throwing}
 M - 13 javelins {throwing}
 Q - 5 atropa-tipped darts {throwing}
Armour
 w - a +2 plate armour of willpower (worn)
   (Okawaru gifted it to you on level 12 of the Dungeon)
 A - a +2 pair of gloves (worn)
   (You found it on level 3 of the Dungeon)
 L - a +2 cloak of poison resistance (worn)
   (You found it in a Gauntlet)
 O - the +0 pair of boots of the Northern Lights (worn) {rElec Slay+3}
   (Okawaru gifted it to you on level 9 of the Dungeon)

   Slay:      It affects your accuracy & damage with ranged weapons and melee
   (+3).
   rElec:     It insulates you from electricity.
 R - a +2 hat (worn)
   (You found it in an ice cave)
 Y - a +2 tower shield (worn)
   (You found it on level 3 of the Lair of Beasts)
Jewellery
 o - a ring of see invisible (left hand)
   (You found it on level 1 of the Dungeon)
 E - a +4 ring of protection (right hand)
   (You found it on level 5 of the Lair of Beasts)
 T - the amulet "Soufad" (around neck) {Faith Will- Str+6}
   (You found it on level 2 of the Swamp)

   [amulet of faith]

   It allows you to gain divine favour quickly.
   Str:       It affects your strength (+6).
   Will:      It decreases your willpower.
Wands
 m - a wand of acid (16)
   (You took it off Maurice on level 8 of the Dungeon)
 q - a wand of charming (16)
   (You found it on level 2 of the Dungeon)
 x - a wand of mindburst (13)
   (You found it on level 8 of the Dungeon)
 H - a wand of roots (54)
   (You took it off Dowan on level 6 of the Dungeon)
 N - a wand of flame (42)
   (You found it in a Gauntlet)
 U - a wand of polymorph (5)
   (You found it on level 5 of the Lair of Beasts)
Scrolls
 g - a scroll of fog
 h - 5 scrolls of fear
 l - 5 scrolls of vulnerability {!r!r}
 u - 3 scrolls of blinking {!r}
 y - 10 scrolls of teleportation {@r4}
 C - a scroll of brand weapon
 G - 3 scrolls of magic mapping {!r}
 K - a scroll of torment {!r}
 P - 4 scrolls of poison
 S - 5 scrolls of identify {@r1}
Potions
 a - 4 potions of cancellation
 b - 3 potions of mutation {!q}
 d - 5 potions of might
 f - 6 potions of brilliance
 i - 4 potions of degeneration {!q@e2}
 n - 6 potions of attraction {!q}
 p - 4 potions of curing {@q1}
 s - 5 potions of heal wounds {@q2}
 v - 3 potions of flight
 B - 2 potions of haste {@q3}
 D - 2 potions of lignification {!q}
 F - 2 potions of magic
 I - 5 potions of invisibility
 J - 4 potions of ambrosia
Miscellaneous
 z - a condenser vane
   (You found it on level 1 of the Lair of Beasts)
 X - a box of beasts
   (You found it on level 5 of the Lair of Beasts)

Dungeon Overview and Level Annotations

Branches:
Dungeon (12/15) Zot: 26428  Temple (1/1) D:7 Zot: 5998    Lair (5/5) D:8 Zot: 24738
  Swamp (3/4) Lair:2 Zot: 15379  Spider (0/4) Lair:2        Slime (0/5) Lair:5
    Orc (2/2) D:9 Zot: 10582     Elf (0/3) Orc:2         IceCv (visited)
Gauntlet (visited)

Altars:
Ashenzari
Cheibriados
Dithmenos
Elyvilon
Fedhas
Gozag
Hepliaklqana
Kikubaaqudgha
Makhleb
Nemelex Xobeh
Okawaru
Qazlal
Uskayaw
Vehumet
Wu Jian
Xom
Yredelemnul
Zin
The Shining One
Jiyva
Lugonu

Shops:
D:7 ?!?=   Orc:2 !:[?

Portals:
Abyss: Lair:4

Annotations:
D:12 Snorg
Swamp:3 3 runed translucent doors, Nikola; Zoigrime's ghost, adept FoFi

♣♣.....♣≈♣..~.~~~~~.≈≈≈≈≈≈
♣♣§~~.~~~..@.♣♣.~~~.≈≈≈≈≈.
♣~~~~~~~~...~♣♣<.~~.≈≈≈≈≈≈
♣♣..~~~>.[...~♣♣~~...≈≈≈≈≈
♣♣~~~~~.....>~.~♣....≈≈≈≈≈
♣~....♣♣♣.~~.~~....~.≈≈≈≈≈
♣♣♣.~.♣♣~~~~~~~~..~~~..≈≈≈
♣..~♣♣♣~~~.~~~..~~~~~...
♣♣♣..♣.@..♣♣♣.~♣.~~~....
♣♣~.[...~~~.♣♣~♣♣.~~~~...
♣♣....~.[.§~.♣♣...<..~.~~~
♣..~.~~§~...♣...~.♣♣♣♣♣♣..
♣.~~♣♣♣.~..........♣♣♣♣..~
♣~~~♣♣♣..............♣♣.~~
♣.~~~♣♣♣..............♣♣..
♣♣~♣♣♣ ♣..###+++###..§.♣.~
♣♣♣ ♣..#Wiif...#...~~~.


You could see Nikola (fast).


Message History

The four-headed hydra bites you but does no damage. x2 😕 HP[-14]
You take 14 damage, and now have 118/152 hp.
You barely miss the four-headed hydra.
The trees move their gnarly branches around.
A tree reaches out but misses you.
Nikola casts a spell.
Nikola blinks!
The spriggan druid hits you but does no damage.
You block the four-headed hydra's attack. x2
The four-headed hydra bites you! x2 😮 HP[-14]
You take 14 damage, and now have 104/152 hp.
You barely miss the four-headed hydra.
You are hit by a branch!
You block the spriggan druid's attack. You block the bunyip's attack.
The bunyip barely misses you.
The bunyip claws you but does no damage.
The four-headed hydra bites you but does no damage. x3
The four-headed hydra bites you. 😮 HP[-11]
You take 11 damage, and now have 93/152 hp.
You sock the four-headed hydra! You burn the four-headed hydra.
You headbutt the four-headed hydra. A tree reaches out and hits you!
The spriggan druid hits you but does no damage.
Nikola casts a spell.
Lightning arcs from Nikola's hands!
The bolt of lightning hits the bunyip!!!
The bunyip dies!
A bolt of lightning appears from out of thin air!
The bolt of lightning hits you!! You resist.
* * * LOW HITPOINT WARNING * * *
The bolt of lightning hits the four-headed hydra!!
The bolt of lightning hits the spriggan druid!!!
The bolt of lightning hits Nikola.
The four-headed hydra bites you but does no damage.
You block the four-headed hydra's attack. x3 😨 HP[-44]
You take 44 damage, and now have 49/152 hp.
MASSIVE DAMAGE!! (PAUSE)
As you read the scroll of teleportation {@r4}, it crumbles to dust.
You feel strangely unstable. A tree reaches out and hits you.
* * * LOW HITPOINT WARNING * * *
The spriggan druid mumbles some strange words.
The spriggan druid is healed somewhat.
You block the four-headed hydra's attack. x4 😨 HP[-3]
You take 3 damage, and now have 46/152 hp.
You impale the four-headed hydra!! You burn the four-headed hydra!
You headbutt the four-headed hydra!
You kill the four-headed hydra!
Okawaru accepts your kill.
Trunks creak and shift.
A root smacks you from below!
* * * LOW HITPOINT WARNING * * *
You block the spriggan druid's attack. 😱 HP[-9]
You take 9 damage, and now have 37/152 hp.
Unknown command.
You hit Nikola. You burn Nikola. A tree reaches out and hits you!
* * * LOW HITPOINT WARNING * * *
You block the spriggan druid's attack.
Nikola splashes around in the water. 😱 HP[-6]
You take 6 damage, and now have 31/152 hp.
You thump Nikola! You burn Nikola.
Your surroundings suddenly seem different.
Splash!
You fall into the shallow water.
Moving in this stuff is going to be slow. 😱 HP[+1]
You enter the shallow water.
Moving in this stuff is going to be slow. 😱 HP[+1] 😱 HP[+1]
There is a stone staircase leading down here. 😱 HP[+1] Nikola shouts!
Nikola gestures wildly while chanting.
Lightning arcs from Nikola's hands!
The bolt of lightning hits you! You resist.
* * * LOW HITPOINT WARNING * * *
Nikola points at you and mumbles some strange words.
The bolt of lightning hits you. You resist.
* * * LOW HITPOINT WARNING * * *
You hear a shout! 😱 HP[-15]
You take 15 damage, and now have 20/152 hp. 😱 HP[+1]
You enter the shallow water.
Moving in this stuff is going to be slow.
Nikola gestures at you while chanting. The bolt of lightning hits you!
You resist.
* * * LOW HITPOINT WARNING * * *
😱 HP[-15]
You take 15 damage, and now have 6/152 hp.
Nikola gestures wildly while chanting.
Lightning arcs from Nikola's hands!
The bolt of lightning hits you! You resist.
You die...

Skill      XL: |  1  2  3  4  5  6  7  8  9 10 11 12 13 14 15 16 |
---------------+-------------------------------------------------+-----
Axes           | 3 4 5 6 7 9 14 15 16 17 18 | 18.0
Fighting       | 4 5 6 7 10 11 12 13 14 15 16 | 16.5
Armour         | 4 5 6 7 8 9 10 12 14 | 14.9
Shields        | 4 5 6 7 8 9 10 12 13 14 | 14.8
Throwing       | 2 5 8 10 | 10.0
Invocations    | 6 7 9 |  9.2
Dodging        | 6 |  6.0

Action                     |  1- 3 |  4- 6 |  7- 9 | 10-12 | 13-15 | 16-18 || total
---------------------------+-------+-------+-------+-------+-------+-------++-------
  Melee: War axe           |    56 |   151 |    49 |       |       |       ||   256
         Headbutt          |     7 |    23 |    37 |    91 |   176 |    65 ||   399
         Broad axe         |       |       |   143 |   382 |   760 |   177 ||  1462
         Flail             |       |       |       |       |    13 |    40 ||    53
         Eveningstar       |       |       |       |       |       |     8 ||     8
  Throw: Stone             |       |       |     2 |     2 |       |     1 ||     5
    Use: Scroll            |       |       |    22 |     2 |    13 |     1 ||    38
         Potion            |       |       |     1 |     2 |     7 |       ||    10
   Stab: Petrified         |       |       |       |       |     3 |       ||     3
         Distracted        |       |       |       |       |     1 |     1 ||     2
         Confused          |       |       |       |       |       |     2 ||     2
 Armour: Scale mail        |    33 |    63 |       |       |       |       ||    96
         Plate armour      |       |    29 |   164 |   212 |   427 |   169 ||  1001
         Swamp dragon scal |       |       |       |       |    15 |       ||    15
  Dodge: Dodged            |    28 |    51 |    62 |    98 |   156 |    48 ||   443
  Block: Buckler           |     8 |    35 |    59 |   135 |    86 |       ||   323
         Tower shield      |       |       |       |       |   492 |   224 ||   716

Levels and vault maps discovered:
D:1:      lemuel_arrival_muddy, layout_rooms
D:2:      layout_basic, minmay_pentomino_p4
D:3:      layout_basic, mainiacjoe_overflow_small_starburst,
          shapermc_ecumenical_altar_flowoftime, small_statue_intersection
D:4:      kennysheep_big_flooded_room, layout_rooms,
          chequers_serial_rivers_micro_a, amethyst_killhole
D:5:      layout_rooms, eat_drink_and_be_merry_uskayaw,
          mainiacjoe_overflow_two_lobes, gammafunk_ghost_hive,
          serial_park_tiny_1
D:6:      layout_cave_pools, uniq_duvessa
D:7:      layout_basic, lemuel_round_altar, nicolae_overflow_two_pavilions,
          temple_doors_ab, serial_shops, nicolae_shop_statue_plus, shop,
          nicolae_square_shop, nicolae_shop_crystal
D:8:      layout_loops_ring, kennysheep_mini_moat, minmay_lair_entry_grove,
          serial_glass, glass_columns_a, glass_columns_b, feat_on_display,
          item_on_display_a, uniq_maurice, uniq_erica
D:9:      layout_loops_ring, orc_0_dummy, serial_park_tiny_2,
          small_chamber_with_monster, minmay_microvault
D:10:     layout_irregular_city, mainiacjoe_overflow_alcove_4,
          overflow_temple_1_default
D:11:     layout_basic, portal_ice_cave_demonic_guard,
          nicolae_gozag_seed_capital, uniq_nergalle
D:12:     layout_cave_pools, nicolae_titane, uniq_frances, uniq_snorg
Temple:   nicolae_temple_x_marks_the_god
Lair:1:   layout_cellular_growth, grunt_megastairs_5
Lair:2:   layout_regular_city, minmay_swamp_entry_reptiles,
          hellmonk_spider_entry_life_and_decay, gauntlet_entry_generic
Lair:3:   layout_regular_city, nicolae_lair_liquid_snakes
Lair:4:   dreamdust_cave_troll, layout_cave_pods,
          amcnicky_altar_lugonu_corruption
Lair:5:   evilmike_catoblepas_cave, layout_loops_ring,
          minmay_slime_entry_pillars
Swamp:1:  layout_falls_marsh, evilmike_swamp_ruin_house_1, swamp_pool2,
          uniq_louise
Swamp:2:  layout_basic_swamp, basic_altar, swamp_pool3
Swamp:3:  nicolae_swamp_decorative_isthmus, layout_basic_swamp,
          gammafunk_ghost_split, evilmike_swamp_ruin_house_6, swamp_pool1,
          nicolae_swamp_necromancy_gone_wrong, infiniplex_staircase_pool,
          uniq_nikola, uniq_roxanne
Orc:1:    layout_caves, uniq_josephine
Orc:2:    kennysheep_orc_mage_school, layout_caves

Notes
Turn   | Place    | Note
-------+----------+-------------------------------------------
     0 | D:1      | Sanktem7 the Minotaur Fighter began the quest for the Orb.
     0 | D:1      | Reached XP level 1. HP: 19/19 MP: 0/0
     0 | D:1      | magus.rc [v1.9.6]
    49 | D:1      | Reached XP level 2. HP: 26/27 MP: 1/1
    68 | D:1      | Reached skill level 3 in Axes
   258 | D:1      | You pick up a book of the Senses and begin reading...
   258 | D:1      | You add the spells Dazzling Flash, Agony and Silence to
                  | your library.
   521 | D:2      | Reached skill level 4 in Fighting
   521 | D:2      | Reached skill level 4 in Armour
   521 | D:2      | Reached skill level 4 in Shields
   521 | D:2      | Reached XP level 3. HP: 33/33 MP: 2/2
   601 | D:2      | Reached XP level 4. HP: 38/40 MP: 3/3
   650 | D:2      | Reached skill level 4 in Axes
  1325 | D:3      | Noticed a black bear
  1328 | D:3      | Reached XP level 5. HP: 37/47 MP: 4/4
  1349 | D:3      | Killed a black bear
  1350 | D:3      | Reached skill level 5 in Axes
  1439 | D:3      | Found a burning altar of Makhleb.
  1605 | D:3      | Reached XP level 6. HP: 52/55 MP: 5/5
  1691 | D:3      | Noticed an orc warrior
  1709 | D:3      | Killed an orc warrior
  1710 | D:3      | Reached skill level 5 in Fighting
  1710 | D:3      | Reached skill level 5 in Armour
  1710 | D:3      | Reached skill level 5 in Shields
  2101 | D:3      | Found a faded altar of an unknown god.
  2408 | D:4      | You add the spells Hailstorm, Metabolic Englaciation and
                  | Simulacrum to your library.
  2408 | D:4      | Got the Papyrus of the Unfortunate Crevasse
  2445 | D:4      | Reached skill level 6 in Axes
  2510 | D:4      | Reached XP level 7. HP: 58/61 MP: 6/6
  2957 | D:4      | Identified a scroll of acquirement
  2958 | D:4      | Acquired a +0 broad axe of electrocution
  2977 | D:5      | Entered Level 5 of the Dungeon
  3026 | D:5      | Found a hide-covered altar of Uskayaw.
  3122 | D:5      | Noticed a hornet
  3130 | D:5      | Noticed Taurus's ghost (novice MiFi)
  3140 | D:5      | Found a transporter.
  3146 | D:5      | Found a transporter.
  3259 | D:5      | Reached skill level 6 in Fighting
  3259 | D:5      | Reached skill level 7 in Axes
  3259 | D:5      | Reached skill level 6 in Armour
  3259 | D:5      | Reached skill level 6 in Shields
  3383 | D:5      | Found an iron altar of Okawaru.
  3422 | D:5      | Found a broken altar of Ashenzari.
  3447 | D:5      | Became a worshipper of Warmaster Okawaru
  3804 | D:6      | Reached XP level 8. HP: 53/70 MP: 7/7
  4052 | D:6      | Reached skill level 8 in Axes
  4177 | D:6      | Noticed Dowan
  4178 | D:6      | Noticed Duvessa
  4185 | D:6      | Killed Dowan
  4185 | D:6      | Reached * piety under Okawaru
  4404 | D:6      | Killed Duvessa
  4405 | D:6      | Reached skill level 7 in Fighting
  4764 | D:6      | Reached skill level 7 in Shields
  4767 | D:6      | Reached skill level 9 in Axes
  4767 | D:6      | Reached skill level 7 in Armour
  4956 | D:7      | Found Xodghenkoos's Magic Scroll Shop.
  5041 | D:7      | Found Poroirixu's Distillery.
  5093 | D:7      | Reached XP level 9. HP: 79/79 MP: 8/8
  5115 | D:7      | Found a blossoming altar of Fedhas.
  5190 | D:7      | Noticed a troll
  5203 | D:7      | Reached ** piety under Okawaru
  5216 | D:7      | Killed a troll
  5260 | D:7      | Reached skill level 10 in Axes
  5528 | D:7      | Found Moyrynt's Magic Scroll Shop.
  5545 | D:7      | Found Zimpush's Jewellery Shop.
  5564 | D:7      | Bought a ring of poison resistance for 280 gold pieces
  5567 | D:7      | Identified a potion of experience
  5679 | D:7      | Reached skill level 10 in Fighting
  5679 | D:7      | Reached skill level 14 in Axes
  5679 | D:7      | Reached XP level 10. HP: 94/94 MP: 9/9
  5900 | D:7      | Found a glowing golden altar of the Shining One.
  5900 | D:7      | Found a radiant altar of Vehumet.
  5972 | D:7      | Found a staircase to the Ecumenical Temple.
  5977 | Temple   | Entered the Ecumenical Temple
  6052 | D:8      | Reached *** piety under Okawaru
  6053 | D:8      | Reached skill level 11 in Fighting
  6060 | D:8      | Reached skill level 1 in Throwing
  6132 | D:8      | Found a staircase to the Lair.
  6143 | D:8      | Reached skill level 8 in Armour
  6143 | D:8      | Reached skill level 8 in Shields
  6190 | D:8      | Noticed Erica
  6206 | D:8      | Killed Erica
  6206 | D:8      | Reached **** piety under Okawaru
  6303 | D:8      | Reached skill level 2 in Throwing
  6312 | D:8      | You add the spells Leda's Liquefaction and Iron Shot to
                  | your library.
  6312 | D:8      | Got the Incunable of White Grit
  6315 | D:8      | Noticed Maurice
  6316 | D:8      | Noticed a two-headed ogre
  6329 | D:7      | Gained mutation: You are dopey. (Int -2) [potion of
                  | mutation]
  6329 | D:7      | Gained mutation: You occasionally shout uncontrollably at
                  | your foes. [potion of mutation]
  6330 | D:7      | Lost mutation: You are dopey. (Int -2) [potion of mutation]
  6330 | D:7      | Lost mutation: You occasionally shout uncontrollably at
                  | your foes. [potion of mutation]
  6330 | D:7      | Gained mutation: Your spells are a little harder to cast,
                  | but a little more powerful. [potion of mutation]
  6330 | D:7      | Gained mutation: Your flesh is heat resistant. (rF+)
                  | [potion of mutation]
  6368 | D:8      | Killed a two-headed ogre
  6369 | D:8      | Reached skill level 15 in Axes
  6369 | D:8      | Reached XP level 11. HP: 59/102 MP: 10/10
  6377 | D:8      | Killed Maurice
  6377 | D:8      | Reached ***** piety under Okawaru
  6657 | D:8      | Found a shadowy altar of Dithmenos.
  7103 | D:9      | Found a staircase to the Orcish Mines.
  7104 | D:9      | You add the spells Cigotuvi's Dreadful Rot, Mephitic Cloud
                  | and Starburst to your library.
  7104 | D:9      | Got Genee's Folio of Kinetic Death
  7713 | D:9      | Reached skill level 3 in Throwing
  7784 | D:9      | Noticed a two-headed ogre
  7789 | D:9      | Killed a two-headed ogre
  7789 | D:9      | Identified the +0 pair of boots of the Northern Lights
                  | {rElec Slay+3} (Okawaru gifted it to you on level 9 of the
                  | Dungeon)
  7789 | D:9      | Received a gift from Okawaru
  7810 | D:9      | You pick up a book of Beasts and begin reading...
  7920 | D:10     | Entered Level 10 of the Dungeon
  8002 | D:10     | Found a white marble altar of Elyvilon.
  8022 | D:10     | Reached skill level 9 in Armour
  8022 | D:10     | Reached skill level 9 in Shields
  8176 | D:10     | Reached skill level 4 in Throwing
  8615 | D:10     | Found a glowing silver altar of Zin.
  8726 | D:11     | You add the spells Confusing Touch, Fulminant Prism and
                  | Discord to your library.
  8726 | D:11     | Got the Tome of Anathema
  8762 | D:11     | Noticed a two-headed ogre
  8779 | D:11     | Killed a two-headed ogre
  8789 | D:11     | Reached skill level 12 in Fighting
  8841 | D:11     | Found an opulent altar of Gozag.
  8841 | D:11     | Noticed Nergalle
  8860 | D:11     | Killed Nergalle
  8861 | D:11     | Reached skill level 16 in Axes
  8861 | D:11     | Reached skill level 5 in Throwing
  8933 | D:11     | Noticed a cyan ugly thing
  8942 | D:11     | Killed a cyan ugly thing
  8946 | D:11     | Identified the +5 flail of Addukhlat {spect, rC+ rN+ Str-2}
  8963 | D:11     | Reached XP level 12. HP: 69/112 MP: 11/11
  9184 | D:11     | Noticed a two-headed ogre
  9191 | D:11     | Killed a two-headed ogre
  9208 | D:11     | Found a frozen archway.
  9225 | IceCv    | Entered an ice cave
  9248 | IceCv    | Acquired 1143 gold pieces
  9249 | IceCv    | Acquired 493 gold pieces
  9256 | IceCv    | Noticed a death yak
  9266 | IceCv    | Reached skill level 6 in Throwing
  9267 | IceCv    | Killed a death yak
  9270 | IceCv    | Reached skill level 10 in Armour
  9272 | IceCv    | Received a gift from Okawaru
  9273 | IceCv    | Reached skill level 10 in Shields
  9335 | IceCv    | Noticed a death yak
  9335 | IceCv    | Noticed a death yak
  9340 | IceCv    | Noticed a death yak
  9346 | IceCv    | Killed a death yak
  9346 | IceCv    | Identified the +0 scale mail "Ratavesh" {Regen+ Str-5
                  | Int+6} (Okawaru gifted it to you in an ice cave)
  9346 | IceCv    | Received a gift from Okawaru
  9346 | IceCv    | Killed a death yak
  9354 | IceCv    | Killed a death yak
  9527 | IceCv    | Reached skill level 7 in Throwing
  9532 | IceCv    | Noticed a death yak
  9544 | IceCv    | Killed a death yak
  9545 | IceCv    | Reached skill level 17 in Axes
  9633 | IceCv    | Noticed a death yak
  9633 | IceCv    | Noticed a death yak
  9634 | IceCv    | Noticed a death yak
  9642 | IceCv    | Killed a death yak
  9645 | IceCv    | Killed a death yak
  9653 | IceCv    | Killed a death yak
  9654 | IceCv    | Reached skill level 13 in Fighting
  9693 | IceCv    | Noticed a frost giant
  9693 | IceCv    | Noticed a death yak
  9709 | IceCv    | Killed a frost giant
  9716 | IceCv    | Killed a death yak
  9717 | IceCv    | Reached skill level 8 in Throwing
  9722 | IceCv    | Reached XP level 13. HP: 81/122 MP: 12/12
  9766 | IceCv    | Found the +8 frozen axe "Frostbite" {freeze, freezing
                  | cloud, *Noise Fly rC+}
  9782 | IceCv    | You add the spells Ozocubu's Armour and Ozocubu's
                  | Refrigeration to your library.
 10482 | D:11     | Identified the +1 scale mail of Hospitality {Drain rC+++
                  | Will+}
 10627 | D:12     | Received a gift from Okawaru
 10649 | D:12     | Noticed Snorg
 10701 | D:12     | HP: 25/122 [Snorg (10)]
 10711 | D:12     | HP: 25/122 [Snorg (9)]
 10713 | D:12     | HP: 11/122 [Snorg (4)]
 10880 | Lair:1   | Entered Level 1 of the Lair of Beasts
 10912 | Lair:1   | Reached skill level 11 in Armour
 10984 | Lair:1   | Reached skill level 11 in Shields
 11829 | Lair:2   | Found a gate leading to a gauntlet.
 11833 | Lair:2   | Reached skill level 18 in Axes
 11835 | Lair:2   | Reached skill level 9 in Throwing
 11843 | Gauntlet | Entered a Gauntlet
 11843 | Gauntlet | Found a transporter.
 11869 | Gauntlet | Found a transporter.
 11869 | Gauntlet | Found a transporter.
 11869 | Gauntlet | Found a transporter.
 11885 | Gauntlet | Found a runed translucent door.
 11886 | Gauntlet | Found a runed translucent door.
 11888 | Gauntlet | Found a transporter.
 11888 | Gauntlet | Found a transporter.
 11888 | Gauntlet | Found a transporter.
 11908 | Gauntlet | Identified the +6 halberd "Faekhlube" {speed, Will- Dex+9
                  | SInv Stlth+}
 11917 | Gauntlet | Found a transporter.
 11917 | Gauntlet | Found a transporter.
 11918 | Gauntlet | Found a transporter.
 11945 | Gauntlet | Found a transporter.
 11959 | Gauntlet | Reached ****** piety under Okawaru
 11962 | Gauntlet | Found a transporter.
 12018 | Gauntlet | Found a transporter.
 12041 | Gauntlet | Found a runed translucent door.
 12041 | Gauntlet | Found a runed translucent door.
 12045 | Gauntlet | Found a transporter.
 12079 | Gauntlet | Noticed a minotaur
 12097 | Gauntlet | Killed a minotaur
 12144 | Gauntlet | Identified the +5 swamp dragon scales "Mier" {rElec rPois
                  | Int+3}
 12437 | Lair:2   | Identified the +2 buckler of the Old and Reckless {Regen+}
                  | (Okawaru gifted it to you on level 2 of the Lair of Beasts)
 12437 | Lair:2   | Received a gift from Okawaru
 12468 | Lair:2   | Found a staircase to the Swamp.
 12481 | Lair:2   | Reached skill level 10 in Throwing
 12604 | Lair:2   | Found a hole to the Spider Nest.
 12748 | Lair:2   | You add the spells Vhi's Electric Charge, Arcjolt and
                  | Maxwell's Capacitive Coupling to your library.
 13047 | Swamp:1  | Entered Level 1 of the Swamp
 13197 | Lair:3   | Reached skill level 14 in Fighting
 13271 | Lair:3   | Reached skill level 12 in Armour
 13293 | Lair:3   | Reached skill level 12 in Shields
 13520 | Lair:3   | You pick up a book of Geomancy and begin reading...
 13520 | Lair:3   | You add the spells Sandblast, Passwall and Stone Arrow to
                  | your library.
 14254 | Lair:4   | Found a corrupted altar of Lugonu.
 14254 | Lair:4   | Found a one-way gate to the infinite horrors of the Abyss.
 14479 | Lair:4   | Reached XP level 14. HP: 133/133 MP: 13/13
 14971 | Lair:4   | Identified the scarf of Wonder {harm, Str+6 Slay-4}
                  | (Okawaru gifted it to you on level 4 of the Lair of Beasts)
 14971 | Lair:4   | Received a gift from Okawaru
 14981 | Lair:4   | Reached skill level 13 in Armour
 15348 | Lair:5   | Entered Level 5 of the Lair of Beasts
 15348 | Lair:5   | Found a viscous altar of Jiyva.
 15350 | Lair:5   | Found a staircase to the Slime Pits.
 15362 | Lair:5   | Reached skill level 13 in Shields
 15364 | Lair:5   | Reached skill level 1 in Invocations
 15371 | Lair:5   | Reached skill level 15 in Fighting
 15399 | Lair:5   | You pick up a book of the Senses and begin reading...
 15408 | Lair:5   | Reached skill level 2 in Invocations
 15535 | Lair:5   | Reached skill level 3 in Invocations
 15544 | Lair:5   | HP: 33/135 [black mamba (3)]
 15547 | Lair:5   | HP: 14/135 [rime drake/icy flash freeze (16)]
 15589 | Lair:5   | Reached skill level 4 in Invocations
 15652 | Lair:5   | You add the spells Ignite Poison and Freezing Cloud to your
                  | library.
 15704 | Lair:5   | You add the spells Alistair's Intoxication, Borgnjor's Vile
                  | Clutch and Eringya's Noxious Bog to your library.
 15723 | Lair:5   | Received a gift from Okawaru
 16043 | Lair:5   | Received a gift from Okawaru
 16044 | Lair:5   | Reached skill level 5 in Invocations
 16141 | Lair:5   | Received a gift from Okawaru
 16185 | Lair:5   | Found the +1 robe of Vines {NoPotionHeal Regen++++}
 16338 | Lair:5   | Reached skill level 6 in Invocations
 16553 | Orc:1    | Entered Level 1 of the Orcish Mines
 16554 | Orc:1    | Noticed Josephine
 16567 | Orc:1    | Reached skill level 14 in Armour
 16571 | Orc:1    | Killed Josephine
 16572 | Orc:1    | Reached XP level 15. HP: 113/143 MP: 18/18
 16738 | Orc:2    | Entered Level 2 of the Orcish Mines
 17001 | Orc:2    | Reached skill level 14 in Shields
 17121 | Orc:2    | Found a staircase to the Elven Halls.
 17244 | Orc:2    | Found Uneseddo's Distillery.
 17251 | Orc:2    | Bought 2 potions of heal wounds for 110 gold pieces
 17251 | Orc:2    | Bought a potion of curing for 33 gold pieces
 17265 | Orc:2    | Found a radiant altar of Vehumet.
 17326 | Orc:2    | HP: 33/142 [red devil/+0 trident[an orc sorcerer] (6)]
 17408 | Orc:2    | Found Riluuh's Antique Armour Shoppe.
 17427 | Orc:2    | Found an ancient bone altar of Kikubaaqudgha.
 17459 | Orc:2    | Found Retah Jig's Magic Scroll Emporium.
 17476 | Orc:2    | Reached skill level 7 in Invocations
 17479 | Orc:2    | Found Qojoddaq's Book Emporium.
 17483 | Orc:2    | Received a gift from Okawaru
 17514 | Orc:2    | Bought a scroll of enchant weapon for 105 gold pieces
 17514 | Orc:2    | Bought a scroll of teleportation for 42 gold pieces
 18106 | D:5      | Killed Taurus's ghost
 18109 | D:5      | Reached skill level 16 in Fighting
 18150 | D:5      | Reached skill level 6 in Dodging
 18150 | D:5      | Reached XP level 16. HP: 145/145 MP: 20/20
 18368 | Swamp:1  | Received a gift from Okawaru
 18402 | Swamp:1  | HP: 35/146 [spectral spriggan berserker[a ghost crab] (8)]
 18418 | Swamp:1  | HP: 34/146 [will-o-the-wisp/foxfire (6)]
 18612 | Swamp:1  | Reached skill level 8 in Invocations
 18630 | Swamp:1  | Identified the +2 helmet of Exclusion {Rampage Dex+4}
 18832 | Swamp:1  | Noticed Louise
 18880 | Swamp:1  | Killed Louise
 18882 | Swamp:1  | V - a +3 eveningstar of flaming {macerare=g}
 18891 | Swamp:1  | You pick up a book of Displacement and begin reading...
 18891 | Swamp:1  | You add the spells Lesser Beckoning, Gell's Gravitas and
                  | Teleport Other to your library.
 19049 | Swamp:2  | Identified the amulet "Soufad" {Faith Will- Str+6}
 19085 | Swamp:2  | Identified the +5 scale mail of Kyopp {Str+3} (Okawaru
                  | gifted it to you on level 2 of the Swamp)
 19085 | Swamp:2  | Received a gift from Okawaru
 19655 | Swamp:2  | Found a sparkling altar of Nemelex Xobeh.
 19866 | Swamp:3  | Found a runed translucent gate.
 19866 | Swamp:3  | Found a runed translucent gate.
 19866 | Swamp:3  | Found a runed translucent gate.
 19871 | Swamp:3  | Identified the ring "Vuexih" {rN+ Int-3 Dex+5}
 19873 | Swamp:3  | Identified the staff of death "Somyazu" {rF+ rN+}
 19881 | Swamp:3  | Noticed Zoigrime's ghost (adept FoFi)
 19881 | Swamp:3  | Noticed a thorn hunter
 20293 | Swamp:3  | Noticed a thorn hunter
 20304 | Swamp:3  | Killed a thorn hunter
 20400 | Swamp:3  | Reached skill level 9 in Invocations
 20530 | Swamp:3  | Noticed Roxanne
 20548 | Swamp:3  | Killed Roxanne
 20550 | Swamp:3  | You pick up a book of the Earth and begin reading...
 20550 | Swamp:3  | You add the spells Lee's Rapid Deconstruction and Statue
                  | Form to your library.
 20711 | Swamp:3  | Noticed Nikola
 20714 | Swamp:3  | your +3 eveningstar of flaming {macerare=g} bursts into
                  | flame!
 20714 | Swamp:3  | V - a +3 eveningstar of flaming (weapon) {macerare=g}
 20721 | Swamp:3  | HP: 37/152 [spriggan druid/angry trees (9)]
 20730 | Swamp:3  | HP: 26/152 [Nikola/arc of chain lightning (9)]
 20733 | Swamp:3  | HP: 6/152 [Nikola/bolt of lightning (16)]
 20734 | Swamp:3  | Killed from afar by Nikola

Vanquished Creatures
  A thorn hunter (Swamp:3)
  Roxanne (Swamp:3)
  A fenstrider witch (Swamp:3)
  A frost giant (IceCv)
  Louise (Swamp:1)
  A minotaur (Gauntlet)
  3 bunyips
  Josephine (Orc:1)
  An ogre mage (Orc:2)
  3 catoblepae (Lair:5)
  7 hydras
  6 two-headed ogres
  Erica (D:8)
  3 ghost crabs
  3 alligators
  20 death yaks
  Nergalle (D:11)
  A skyshark (Lair:5)
  5 goliath frogs
  A deep troll (Lair:4)
  4 bog bodies
  A swamp dragon (Swamp:2)
  An obsidian statue (Gauntlet)
  The ghost of Taurus the Cleaver, a novice MiFi of the Shining One (D:5)
  An ugly thing (D:11)
  4 will-o-the-wisps
  9 orc sorcerers (Orc:2)
  3 cyclopes (D:11)
  3 manticores
  8 elephants
  6 black mambas
  Maurice (D:8)
  2 ice statues
  2 gargoyles (D:12)
  A torpor snail (Lair:4)
  11 cane toads
  9 rime drakes
  10 komodo dragons
  An efreet (D:9)
  An unseen horror (D:12)
  A kobold demonologist (D:10)
  3 ice devils
  7 trolls
  7 blink frogs
  A queen bee (Gauntlet)
  3 tyrant leeches
  A hornet (D:5)
  4 polar bears (IceCv)
  6 dream sheep (Lair:5)
  7 slime creatures
  2 culicivoras (Lair:2)
  56 yaks
  2 water elementals (D:11)
  A shadow (D:11)
  A vampire (D:9)
  4 wraiths
  7 wyverns
  4 basilisks
  2 steam dragons
  5 vampire mosquitoes
  2 acid dragons
  A warg (Orc:1)
  3 large abominations (Gauntlet)
  7 swamp worms
  15 water moccasins
  Duvessa (D:6)
  12 orc warriors
  3 swamp drakes
  An ice beast (D:7)
  A sky beast (D:7)
  4 black bears
  22 wolves
  4 ogres
  7 centaurs
  4 kobold brigands
  A gnoll sergeant (D:6)
  17 bullfrogs
  2 scorpions
  Dowan (D:6)
  13 killer bees
  5 howler monkeys
  8 electric eels
  3 lava snakes (Lair:3)
  6 hounds
  A gnoll bouda (D:4)
  10 orc priests
  3 jellies
  5 iguanas
  2 sleepcaps (D:7)
  26 orc wizards
  3 small abominations (Gauntlet)
  6 gnolls
  3 adders
  2 shadow imps
  3 white imps
  2 worms
  2 dart slugs
  55 orcs
  8 ball pythons
  11 endoplasms
  3 giant cockroaches
  7 hobgoblins
  4 jackals (D:3)
  6 quokkas
  8 bats
  3 frilled lizards (D:1)
  11 goblins
  29 kobolds
  3 rats (D:2)
624 creatures vanquished.

Vanquished Creatures (others)
  A fenstrider witch (Swamp:1)
  A bunyip (Swamp:3)
  A death yak (Lair:5)
  A will-o-the-wisp (Swamp:1)
  2 bloated husks
  A yak (Lair:5)
  A wyvern (D:8)
  A swamp worm (Swamp:1)
  A water moccasin (D:8)
  A lava snake (Lair:3)
  An orc wizard (Orc:2)
  37 foxfires
  A lurking horror (Lair:4)
  A spectral weapon (Swamp:1)
51 creatures vanquished.

Grand Total: 675 creatures vanquished

Table legend:
 A = Non-vault XP
 B = Vault XP
 C = Vault XP percentage of total XP
 D = Non-vault monster count
 E = Vault monster count
 F = Vault count percentage of total count
                 A         B        C        D         E       F
            +---------+---------+-------+---------+---------+-------
      Total |   87034 |   52483 |  37.6 |     460 |     174 |  27.4
            +---------+---------+-------+---------+---------+-------
        D:1 |      38 |       0 |   0.0 |      22 |       0 |   0.0
        D:2 |     110 |       5 |   4.3 |      26 |       3 |  10.3
        D:3 |     415 |       0 |   0.0 |      29 |       0 |   0.0
        D:4 |     322 |      43 |  11.8 |      29 |       2 |   6.5
        D:5 |     390 |    1339 |  77.4 |       6 |       9 |  60.0
        D:6 |    1012 |     211 |  17.3 |      20 |       2 |   9.1
        D:7 |    1565 |       0 |   0.0 |      38 |       0 |   0.0
        D:8 |    1531 |    3027 |  66.4 |      14 |      15 |  51.7
        D:9 |    1884 |    1198 |  38.9 |      18 |       2 |  10.0
       D:10 |    1622 |       0 |   0.0 |       9 |       0 |   0.0
       D:11 |    6000 |    1429 |  19.2 |      16 |       3 |  15.8
       D:12 |    2387 |       0 |   0.0 |       7 |       0 |   0.0
     Lair:1 |    3190 |     635 |  16.6 |      15 |       3 |  16.7
     Lair:2 |    4431 |     882 |  16.6 |      12 |       6 |  33.3
     Lair:3 |    6200 |     375 |   5.7 |      22 |       8 |  26.7
     Lair:4 |   10332 |     703 |   6.4 |      28 |       1 |   3.4
     Lair:5 |   16213 |   11968 |  42.5 |      59 |      26 |  30.6
    Swamp:1 |    9690 |    1194 |  11.0 |      20 |       1 |   4.8
    Swamp:2 |    4030 |       0 |   0.0 |       9 |       0 |   0.0
    Swamp:3 |   12016 |    1959 |  14.0 |      20 |       2 |   9.1
      Orc:1 |    1374 |    1578 |  53.5 |      22 |       4 |  15.4
      Orc:2 |    2282 |    6650 |  74.5 |      19 |      33 |  63.5
      IceCv |       0 |   14600 | 100.0 |       0 |      37 | 100.0
   Gauntlet |       0 |    4687 | 100.0 |       0 |      17 | 100.0
            +---------+---------+-------+---------+---------+-------

Skill      XL: |  1  2  3  4  5  6  7  8  9 10 11 12 13 14 15 16 |
---------------+-------------------------------------------------+-----
Axes           | 3 4 5 6 7 9 14 15 16 17 18 | 18.0
Fighting       | 4 5 6 7 10 11 12 13 14 15 16 | 16.5
Armour         | 4 5 6 7 8 9 10 12 14 | 14.9
Shields        | 4 5 6 7 8 9 10 12 13 14 | 14.8
Throwing       | 2 5 8 10 | 10.0
Invocations    | 6 7 9 |  9.2
Dodging        | 6 |  6.0

Action                     |  1- 3 |  4- 6 |  7- 9 | 10-12 | 13-15 | 16-18 || total
---------------------------+-------+-------+-------+-------+-------+-------++-------
  Melee: War axe           |    56 |   151 |    49 |       |       |       ||   256
         Headbutt          |     7 |    23 |    37 |    91 |   176 |    65 ||   399
         Broad axe         |       |       |   143 |   382 |   760 |   177 ||  1462
         Flail             |       |       |       |       |    13 |    40 ||    53
         Eveningstar       |       |       |       |       |       |     8 ||     8
  Throw: Stone             |       |       |     2 |     2 |       |     1 ||     5
    Use: Scroll            |       |       |    22 |     2 |    13 |     1 ||    38
         Potion            |       |       |     1 |     2 |     7 |       ||    10
   Stab: Petrified         |       |       |       |       |     3 |       ||     3
         Distracted        |       |       |       |       |     1 |     1 ||     2
         Confused          |       |       |       |       |       |     2 ||     2
 Armour: Scale mail        |    33 |    63 |       |       |       |       ||    96
         Plate armour      |       |    29 |   164 |   212 |   427 |   169 ||  1001
         Swamp dragon scal |       |       |       |       |    15 |       ||    15
  Dodge: Dodged            |    28 |    51 |    62 |    98 |   156 |    48 ||   443
  Block: Buckler           |     8 |    35 |    59 |   135 |    86 |       ||   323
         Tower shield      |       |       |       |       |   492 |   224 ||   716

Illustrated notes

Table legend:
 A = Kills in this place as a percentage of kills in the entire game.
 B = Kills by you in this place as a percentage of kills by you in the entire game.
 C = Kills by friends in this place as a percentage of kills by friends in the entire game.
 D = Other kills in this place as a percentage of other kills in the entire game.
 E = Experience gained in this place as a percentage of experience gained in the entire game.
 F = Experience gained in this place divided by the number of levels of this place that you have seen.
                   A       B       C       D       E      F
               +-------+-------+-------+-------+-------+----------------------
         Total | 100.0 | 100.0 |   N/A | 100.0 | 100.0 | 5580.7
       Dungeon |  42.6 |  42.9 |   N/A |  20.0 |  17.6 | 2044.0
          Lair |  28.4 |  28.4 |   N/A |  30.0 |  39.4 | 10985.8
         Swamp |   8.2 |   7.5 |   N/A |  50.0 |  20.7 | 9629.7
  Orcish Mines |  12.3 |  12.5 |   N/A |   0.0 |   8.5 | 5942.0
      Ice Cave |   5.8 |   5.9 |   N/A |   0.0 |  10.5 | 14600.0
      Gauntlet |   2.7 |   2.7 |   N/A |   0.0 |   3.4 | 4687.0
               +-------+-------+-------+-------+-------+----------------------

Table legend: (Time is in decaauts)
 A = Elapsed time spent in this place.
 B = Non-inter-level travel time spent in this place.
 C = Inter-level travel time spent in this place.
 D = Time resting spent in this place.
 E = Time spent auto-exploring this place.
 F = Levels seen in this place.
 G = Mean time per level.
                   A        B        C        D        E       F      G
               +--------+--------+--------+--------+--------+-----+--------+
         Total |  20933 |  19501 |   1432 |   1486 |  13469 |  25 |  837.3 |
       Dungeon |  10656 |   9815 |    841 |   1134 |   6453 |  12 |  888.0 |
        Temple |      1 |      1 |      0 |      0 |      0 |   1 |    1.0 |
          Lair |   5261 |   4903 |    358 |      0 |   4063 |   5 | 1052.2 |
         Swamp |   2618 |   2562 |     56 |    101 |   1826 |   3 |  872.7 |
  Orcish Mines |   1417 |   1241 |    176 |     60 |    805 |   2 |  708.5 |
      Ice Cave |    644 |    644 |      0 |    115 |    256 |   1 |  644.0 |
      Gauntlet |    332 |    332 |      0 |     76 |     66 |   1 |  332.0 |
               +--------+--------+--------+--------+--------+-----+--------+

Top non-repeatable levels by time:
    D:11: 1416 daAuts
     D:5: 1217 daAuts
  Lair:3: 1146 daAuts
  Lair:4: 1132 daAuts
     D:7: 1112 daAuts
     D:3: 1080 daAuts
  Lair:5: 1064 daAuts
   Orc:2: 1025 daAuts
     D:8: 1020 daAuts
  Lair:1: 988 daAuts
     D:9: 980 daAuts
     D:6: 958 daAuts
 Swamp:2: 939 daAuts
 Swamp:3: 931 daAuts
  Lair:2: 930 daAuts
